 Dungeon Sprint DCSS version bcrawl-1.12-11-gb93c957c58 (webtiles) character file.

Game seed: 111979128730184402

0 Groucho the Gusty (level 1, -2/13 HPs)
             Began as a Djinni Air Elementalist on July 8, 2019.
             Was an Initiate of Qazlal.
             Killed by divine providence
             ... invoked by an orc priest
              (15 damage)
             ... in the Dungeon (Sprint V: "Ziggurat Sprint").
             The game lasted 00:02:12 (115 turns).

Groucho the Gusty (Djinni Air Elementalist)          Turns: 115, Time: 00:02:12

Health: -2/13      AC: 25    Str: 10    XL:     1   Next: 0%
Magic:  3/3        EV: -6    Int: 17    God:    Qazlal [......]
Gold:   0          SH: 24    Dex: 11    Spells: 5/6 levels left

rFire    . . .     SeeInvis +   I - +14 obsidian axe {chop, +Fly SInv *Curse} (curse)
rCold    . . .     Gourm    .   H - +18 shield of the Gong {rElec rN+ MR+ EV-5}
rNeg     + . .     Faith    .   G - +15 Maxwell's patent armour {-Cast -Tele rElec MR+ rCorr}
rPois    .         Spirit   .   (no helmet)
rElec    +         Reflect  .   (no cloak)
rCorr    +         Harm     .   (no gloves)
MR       ++...     NoTele   +   (boots unavailable) Stlth ..........NoCast +
                                (no amulet)
HPRegen  0.04/turn              (no ring)
MPRegen  0.08/turn              (no ring)

@: flying, mesmerised
A: fixed mp, +cast, floating
a: Renounce Religion


You were in the Dungeon.
You worshipped Qazlal.
Qazlal was noncommittal.
You were not hungry.

You visited 1 branch

Inventory:

Hand Weapons
 D - the +6 Majin-Bo {vamp, Archmagi MP+6 Int+6}
   (You found it in the Dungeon)

   It inflicts no extra harm, but heals its wielder when it wounds a living foe.
   It affects your intelligence (+6).
   It affects your magic capacity (+6).
 E - the +9 heavy crossbow "Sniper" {velocity, Acc+∞ SInv}
   (You found it in the Dungeon)

   Any bolt fired from it inflicts extra damage.
   It lets you see invisible.
 F - the +10 dark maul {crush}
   (You found it in the Dungeon)

   It inflicts extra damage upon your enemies.
 I - the cursed +14 obsidian axe (weapon) {chop, +Fly SInv *Curse}
   (You found it in the Dungeon)

   It inflicts extra damage upon your enemies.
   It lets you see invisible.
   It lets you fly.
   It curses itself when equipped.
   It has a curse placed upon it.
 J - the +7 great mace "Firestarter" {inner flame, rF++}
   (You found it in the Dungeon)

   It has been specially enchanted to burn those struck by it, causing extra
   injury to most foes and up to half again as much damage against particularly
   susceptible opponents.
   It greatly protects you from fire.
 K - the +6 shillelagh "Devastator" {shatter}
   (You found it in the Dungeon)
 M - the +8 lance "Wyrmbane" {slay drac, rPois rF+ rC+ AC+3}
   (You found it in the Dungeon)

   It affects your AC (+3).
   It protects you from fire.
   It protects you from cold.
   It protects you from poison.
 N - the +9 sword of Zonguldrok {reap}
   (You found it in the Dungeon)

   If a monster killed with it leaves a corpse in good enough shape, the corpse
   will be animated as a zombie friendly to the killer.
 O - the cursed +13 scythe of Curses {drain, *Curse}
   (You found it in the Dungeon)

   A truly terrible weapon, it drains the life of those it strikes.
   It curses itself when equipped.
   It has a curse placed upon it.
 P - the +0 sword of Power
   (You found it in the Dungeon)
 Q - the +7 mace of Variability {chain chaos}
   (You found it in the Dungeon)

   Each time it hits an enemy it has a different, random effect.
 R - the +7 Singing Sword {slice, sonic wave}
   (You found it in the Dungeon)

   It inflicts extra damage upon your enemies.
 S - the +7 longbow "Piercer" {penet, EV-2}
   (You found it in the Dungeon)

   Ammo fired by it will pass through the targets it hits, potentially hitting
   all targets in its path until it reaches maximum range.
   It affects your evasion (-2).
Armour
 a - a +0 robe
 G - the +15 Maxwell's patent armour (worn) {-Cast -Tele rElec MR+ rCorr}
   (You found it in the Dungeon)

   It insulates you from electricity.
   It affects your resistance to hostile enchantments.
   It prevents spellcasting.
   It prevents most forms of teleportation.
   It provides partial protection from all sources of acid and corrosion.
 H - the +18 shield of the Gong (worn) {rElec rN+ MR+ EV-5}
   (You found it in the Dungeon)

   It affects your evasion (-5).
   It insulates you from electricity.
   It protects you from negative energy.
   It affects your resistance to hostile enchantments.
 L - +5 gold dragon scales
Jewellery
 x - a +6 ring of dexterity
 y - a +6 ring of dexterity
 z - a +6 ring of intelligence
 A - a +6 ring of intelligence
 B - a +6 ring of strength
 C - a +6 ring of strength
Wands
 u - a wand of disintegration (7)
 v - a wand of iceblast (7)
 w - a wand of acid (7)
Scrolls
 i - 4 scrolls of blinking
 o - 4 scrolls of amnesia
 p - 7 scrolls of fog
 q - a scroll of holy word
 r - 5 scrolls of identify
 s - 5 scrolls of remove curse
 t - 2 scrolls of fear
Potions
 b - 2 potions of brilliance
 d - 10 potions of curing
 e - 10 potions of heal wounds
 f - 6 potions of haste
 g - 7 potions of magic
 h - 3 potions of berserk rage
 j - 2 potions of invisibility
 k - 4 potions of resistance
 l - a potion of experience
 m - 5 potions of agility
 n - 5 potions of might
Comestibles
 c - 7 rations {!d}


   Skills:
 + Level 2.0 Dodging
 - Level 1.7 Stealth
 - Level 3.2 Spellcasting
 - Level 1.2 Conjurations
 - Level 3.6 Air Magic
 + Level 0.0 Invocations


You had 5 spell levels left.
You knew the following spells:

 Your Spells              Type           Power        Failure   Level  Hunger
a - Shock                 Conj/Air       ##..         100%        1    None

Your spell library contained the following spells:

 Spells                   Type           Power        Failure   Level  Hunger
 Swiftness                Chrm/Air       #.......     100%        2    ##.....
 Static Discharge         Conj/Air       ##......     100%        3    ###....
 Airstrike                Air            ###.......   100%        4    ####...
 Lightning Bolt           Conj/Air       ##........   100%        5    ######.


Dungeon Overview and Level Annotations

Branches:
Dungeon (1/1)

Altars:
Ashenzari
Cheibriados
Dithmenos
Elyvilon
Fedhas
Gozag
Hepliaklqana
Kikubaaqudgha
Lugonu
Makhleb
Nemelex Xobeh
Okawaru
Qazlal
Ru
Sif Muna
Trog
Uskayaw
Vehumet
Wu Jian
Xom
Yredelemnul
Zin
The Shining One
Beogh
Jiyva

Annotations:
D 1 transporter


Innate Abilities, Weirdness & Mutations

You cannot gain maximum magic capacity.
You can pull magic from your surroundings.
Your body floats in the air.


Message History

You see here a lightning rod (4/4).
Wield which item (- for none, * to show all)? (? for menu, Esc to quit)
Really wield
I - the cursed +14 obsidian axe {chop, +Fly SInv *Curse}?
It sticks to your hand!
I - the cursed +14 obsidian axe (weapon)
{chop, +Fly SInv *Curse} Unknown command.
There is a transporter here.
Welcome to arena 1.
You enter the transporter and appear at another place.
An orc priest and an orc wizard come into view.
Visions of slaying the orc wizard flood into your mind.
The orc wizard shouts!
The orc priest shouts!
Found two items.
Found a transporter.
Unknown command.
Unknown command.
Visions of slaying the orc priest flood into your mind.
The orc priest mumbles some strange prayers to Beogh against you.
Beogh smites you!
Ouch! That really hurt!
You die...

▓▓▓▓▓▓▓
▓.8©8.▓
▓.....▓
▓.[.=.▓
▓.oo..▓
▓..@..▓
▓..©..▓
▓▓▓▓▓▓▓


You could see an orc priest and an orc wizard.

Vanquished Creatures (others)
  Erolcha (D)
  Crazy Yiuf (D)
2 creatures vanquished.

Notes
Turn   | Place    | Note
-------+----------+-------------------------------------------
     0 | D        | Found the +6 Majin-Bo {vamp, Archmagi MP+6 Int+6}
     0 | D        | Found the +7 great mace "Firestarter" {inner flame, rF++}
     0 | D        | Groucho the Djinni Air Elementalist began the quest for the
                  | Orb.
     0 | D        | Reached XP level 1. HP: 13/13 MP: 3/3
     0 | D        | Found a deep blue altar of Sif Muna.
     0 | D        | Found a bloodstained altar of Trog.
     0 | D        | Found a sacrificial altar of Ru.
     0 | D        | Found a stormy altar of Qazlal.
     0 | D        | Found an iron altar of Okawaru.
     1 | D        | Found a sparkling altar of Nemelex Xobeh.
     1 | D        | Found a blossoming altar of Fedhas.
     3 | D        | Found a transporter.
     3 | D        | Found an ancient bone altar of Kikubaaqudgha.
     3 | D        | Found a viscous altar of Jiyva.
     3 | D        | Found a corrupted altar of Lugonu.
     3 | D        | Found a hazy altar of Hepliaklqana.
     3 | D        | Found a burning altar of Makhleb.
     3 | D        | Found an opulent altar of Gozag.
    15 | D        | Killed Erolcha
    41 | D        | Killed Crazy Yiuf
    50 | D        | Found the +9 heavy crossbow "Sniper" {velocity, Acc+∞ SInv}
    50 | D        | Found the +10 dark maul {crush}
    50 | D        | Found the +15 Maxwell's patent armour {-Cast -Tele rElec
                  | MR+ rCorr}
    50 | D        | Found the +18 shield of the Gong {rElec rN+ MR+ EV-5}
    50 | D        | Found the cursed +14 obsidian axe {chop, +Fly SInv *Curse}
    52 | D        | Found the +6 shillelagh "Devastator" {shatter}
    52 | D        | Found the +11 plutonium sword {*Contam Stlth-}
    52 | D        | Found the +8 lance "Wyrmbane" {slay drac, rPois rF+ rC+
                  | AC+3}
    52 | D        | Found the +9 sword of Zonguldrok {reap}
    52 | D        | Found the cursed +13 scythe of Curses {drain, *Curse}
    52 | D        | Found the +0 sword of Power
    52 | D        | Found the +7 mace of Variability {chain chaos}
    52 | D        | Found the +7 Singing Sword {slice, sonic wave}
    52 | D        | Found the +7 longbow "Piercer" {penet, EV-2}
   100 | D        | Became a worshipper of Qazlal Stormbringer
   114 | D        | Entered arena 2.
   114 | D        | Noticed an orc wizard
   114 | D        | Noticed an orc priest
   114 | D        | Found a transporter.
   115 | D        | Killed from afar by an orc priest
